 Dungeon Crawl Stone Soup version 0.28.0 (webtiles) character file.

Game seed: 7105587593907579854

1688 browni3141 the Skirmisher (level 8, -3/71 HPs)
             Began as a Minotaur Berserker on Feb 10, 2022.
             Was a Believer of Trog.
             Slain by Eustachio (7 damage)
             ... on level 6 of the Dungeon.
             The game lasted 00:02:20 (3421 turns).

browni3141 the Skirmisher (Minotaur Berserker)      Turns: 3421, Time: 00:02:21

Health: -3/71      AC:  4    Str: 23      XL:     8   Next: 71%
Magic:  7/7        EV: 11    Int:  4      God:    Trog [**....]
Gold:   214        SH:  9    Dex:  9 (11) Spells: 7/7 levels left

rFire   + . .      SeeInvis .   o - +0 war axe
rCold   . . .      Faith    .   j - +0 kite shield
rNeg    . . .      Spirit   .   b - +0 animal skin
rPois   .          Reflect  .   k - +2 hat
rElec   .          Harm     .   (no cloak)
rCorr   .          Rampage  .   (no gloves)
Will    ++...                   (no boots)
Stlth   +.........              (no amulet)
HPRegen 1.21/turn               h - ring of protection from fire
MPRegen 0.10/turn               (no ring)

@: strong-willed, on berserk cooldown, regenerating, slowed, very slow
A: horns 2, retaliatory headbutt
a: Renounce Religion, Berserk, Trog's Hand


You were on level 6 of the Dungeon.
You worshipped Trog.
Trog was pleased with you.
You visited 1 branch of the dungeon, and saw 6 of its levels.

You collected 214 gold pieces.

Inventory:

Hand Weapons
 a - a +0 hand axe
 o - a +0 war axe (weapon)
Armour
 b - a +0 animal skin (worn)
 j - a +0 kite shield (worn)
 k - a +2 hat (worn)
Jewellery
 h - a ring of protection from fire (left hand)
Scrolls
 c - a scroll of vulnerability {unknown}
 f - a scroll of identify {unknown}
 g - a scroll of silence {unknown}
 i - a scroll of magic mapping {unknown}
 l - 2 scrolls of noise {unknown}
 p - a scroll of holy word {unknown}
 r - a scroll of teleportation {unknown}
Potions
 d - 2 potions of attraction {unknown}
 e - 2 potions of flight {unknown}
 m - 2 potions of cancellation {unknown}
 n - a potion of degeneration {unknown}
 q - 2 potions of curing {unknown}


   Skills:
 + Level 6.8 Fighting
 + Level 6.7 Axes
 + Level 6.1 Armour
 + Level 5.7 Dodging
 * Level 6.5 Shields


You had 7 spell levels left.
You didn't know any spells.
Your spell library was empty.

Dungeon Overview and Level Annotations

Branches:
Dungeon (6/15)             Temple (0/1) D:5

Altars:
The Shining One

Shops:
D:3 *

Annotations:
D:6 Eustachio


Innate Abilities, Weirdness & Mutations

You have a pair of horns on your head.
You reflexively headbutt those who attack you in melee.


Message History

Your skin crawls.
You feel strong-willed. You block the bat's attack. The bat closely misses you.
You furiously retaliate!
You headbutt the bat.
You kill the bat!
The bat's corpse disappears in a puff of smoke!
Eustachio hits you with a +2 falchion of holy wrath.
* * * LOW HITPOINT WARNING * * *
Eustachio hits you with a +2 falchion of holy wrath!
* * * LOW HITPOINT WARNING * * *
You block the quokka's attack.
Unknown command.
Eustachio yells, "Perjured traitor, DIE!"
Things that are here:
a +0 giant club; an ogre corpse Unknown command.
You slash Eustachio!
Eustachio is moderately wounded.
Eustachio hits you with a +2 falchion of holy wrath!
* * * LOW HITPOINT WARNING * * *
Eustachio hits you with a +2 falchion of holy wrath.
* * * LOW HITPOINT WARNING * * *
Unknown command.
You hit Eustachio but do no damage.
Eustachio is moderately wounded.
You block Eustachio's attack.
Eustachio hits you with a +2 falchion of holy wrath.
* * * LOW HITPOINT WARNING * * *
Unknown command.
You miss Eustachio.
Eustachio is moderately wounded.
Eustachio hits you with a +2 falchion of holy wrath.
* * * LOW HITPOINT WARNING * * *
You block Eustachio's attack.
Unknown command.
You closely miss Eustachio. Your headbutt misses Eustachio.
Eustachio is moderately wounded.
Eustachio closely misses you.
Eustachio hits you with a +2 falchion of holy wrath!
You die...

.##########............#
.......................#
.##...#................#
.#..#.................##
.#.##.###........#...##
....(.# #........#####
.###### ##.#####..### .#
#..#####...# .#
##...r@@.#.# ##
#.###)###..# # ... ..#
#.## ..# #. ..# # ..#
.##


You could see Eustachio and a quokka (summoned).

Vanquished Creatures
  Prince Ribbit (D:6)
  A steam dragon (D:6)
  Menkaure (D:5)
  Duvessa (D:5)
  A black bear (D:6)
  3 ogres
  2 phantoms
  2 bullfrogs (D:6)
  2 scorpions (D:5)
  Dowan (D:5)
  A crimson imp (D:3)
  A bullfrog zombie (D:6)
  A jelly (D:6)
  An orc priest (D:6)
  A hound (D:4)
  2 iguanas
  2 orc wizards
  A hound skeleton (D:4)
  3 adders
  2 adder skeletons
  A worm (D:4)
  A dart slug (D:3)
  10 orcs
  2 bats
  2 endoplasms (D:3)
  A goblin (D:3)
  3 hobgoblins
  6 jackals
  5 kobolds
  2 quokkas (D:3)
  2 ball pythons
  A goblin skeleton (D:3)
  2 goblin zombies (D:3)
  3 hobgoblin zombies (D:3)
  2 kobold skeletons (D:3)
  2 kobold zombies (D:3)
  An orc skeleton (D:3)
  3 orc zombies (D:3)
79 creatures vanquished.

Vanquished Creatures (others)
  2 plants (D:3)
  3 withered plants (D:3)
5 creatures vanquished.

Grand Total: 84 creatures vanquished

Notes
Turn   | Place    | Note
-------+----------+-------------------------------------------
     0 | D:1      | browni3141 the Minotaur Berserker began the quest for the
                  | Orb.
     0 | D:1      | Reached XP level 1. HP: 19/19 MP: 0/0
    60 | D:2      | Reached XP level 2. HP: 27/27 MP: 1/1
   310 | D:3      | Reached XP level 3. HP: 9/33 MP: 2/2
   819 | D:3      | Found a glowing golden altar of the Shining One.
   833 | D:3      | Reached ** piety under Trog
   834 | D:3      | Reached XP level 4. HP: 33/41 MP: 3/3
   915 | D:3      | Found Vepringi's Assorted Antiques.
  1014 | D:3      | Found a faded altar of an unknown god.
  1191 | D:4      | Reached XP level 5. HP: 22/47 MP: 4/4
  1499 | D:4      | Reached skill level 5 in Fighting
  1588 | D:5      | Entered Level 5 of the Dungeon
  1685 | D:5      | Noticed an ogre
  1692 | D:5      | Killed an ogre
  1693 | D:5      | Reached skill level 5 in Axes
  1693 | D:5      | Reached skill level 1 in Shields
  1693 | D:5      | Reached XP level 6. HP: 56/56 MP: 5/5
  2026 | D:5      | Found a staircase to the Ecumenical Temple.
  2026 | D:5      | Noticed Duvessa
  2026 | D:5      | Noticed Dowan
  2037 | D:5      | Killed Duvessa
  2039 | D:5      | Killed Dowan
  2040 | D:5      | Reached XP level 7. HP: 56/61 MP: 6/6
  2098 | D:5      | Noticed Menkaure
  2139 | D:5      | Killed Menkaure
  2312 | D:5      | Reached skill level 5 in Armour
  2505 | D:6      | Noticed Prince Ribbit
  2505 | D:6      | Noticed a steam dragon
  2914 | D:6      | Killed Prince Ribbit
  2915 | D:6      | Reached skill level 5 in Dodging
  2915 | D:6      | Reached skill level 5 in Shields
  2915 | D:6      | Reached XP level 8. HP: 39/70 MP: 7/7
  3392 | D:6      | Noticed Eustachio
  3418 | D:6      | HP: 1/71 [Eustachio (3)]
  3421 | D:6      | Slain by Eustachio

Illustrated notes

Levels and vault maps discovered:
D:1:      amcnicky_arrival_feature_with_door, layout_rooms
D:2:      layout_rooms
D:3:      layout_loops_ring, nicolae_tso_besieged_by_evil, serial_shops,
          nicolae_square_shop, ebering_ecumenical_altar_petrified,
          serial_bayou_pond_c
D:4:      layout_rooms
D:5:      layout_basic, minmay_temple_entry_drinking_statues,
          gup_sewer_entry_pipe, grunt_ministairs_11, uniq_duvessa, uniq_menkaure
D:6:      layout_rooms, minmay_checkerbox, uniq_crazy_yiuf_cottage,
          uniq_prince_ribbit1, uniq_eustachio, uniq_grinder

Skill      XL: |  1  2  3  4  5  6  7  8 |
---------------+-------------------------+-----
Axes           | 4 5 6 |  6.7
Fighting       | 4 5 6 |  6.8
Armour         | 3 4 5 6 |  6.1
Dodging        | 3 4 5 |  5.7
Shields        | 1 3 5 6 |  6.5

Action                   |  1- 3 |  4- 6 |  7- 9 || total
-------------------------+-------+-------+-------++-------
Melee: Hand axe          |    63 |    73 |    23 ||   159
       Headbutt          |     4 |    13 |    17 ||    34
       Punch             |       |     1 |       ||     1
       War axe           |       |       |    64 ||    64
Invok: Berserk           |     2 |     2 |     4 ||     8
       Trog's Hand       |       |       |     1 ||     1
Armor: Animal skin       |    14 |     9 |    17 ||    40
Dodge: Dodged            |    43 |    44 |    42 ||   129
Block: Kite shield       |       |    11 |    47 ||    58
